 Dungeon Sprint DCSS version 0.17-a0-1337-ge651487 (webtiles) character file.

13469 Kidiri the Unseen (level 11, -2/47 HPs)
             Began as a Spriggan Enchanter on June 10, 2015.
             Was the Champion of Dithmenos.
             Slain by a shadow dragon (14 damage)
             ... in the Dungeon (Sprint I: "Red Sonja").
             The game lasted 00:18:15 (2407 turns).

Kidiri the Unseen (Spriggan Enchanter)              Turns: 2407, Time: 00:18:15

Health: -2/47      AC:  7    Str: 10    XL:     11   Next: 76%
Magic:  28/30      EV: 33    Int: 21    God:    Dithmenos [******]
Gold:   909        SH:  0    Dex: 19    Spells: 5 memorised, 27 levels left

rFire  + + .     SeeInvis +     a - +1 dagger
rCold  + + .     Clarity  .     x - +1 robe of Rotation {rC++ rN+ MR- rCorr}
rNeg   + + +     SustAt   .     (shield restricted)
rPois  .         Gourm    .     q - +2 hat
rElec  .         Spirit   .     w - +1 cloak of Xeocex {rF+ Str+6 Int-2 SInv}
rCorr  +         Warding  .     (gloves unavailable)
rMut   .         NoTele   +     (boots unavailable)
MR     +....                    (no amulet)
Stlth  ++++++++++               B - ring of Divine Intervention {+Inv rN++ MR+ Slay-3}
                                y - ring of protection from fire

@: brilliant, very slightly contaminated, hasted, wreathed by umbra, drained,
very quick, somewhat resistant to hostile enchantments, uncannily stealthy
A: unfitting armour, see invisible, herbivore 3, speed 3, slow metabolism 2
a: Shadow Step, Shadow Form, Renounce Religion, Evoke Invisibility


You were in the Dungeon.
You worshipped Dithmenos.
Dithmenos was exalted by your worship.
You were not hungry.

You visited 1 branch You collected 2658 gold pieces.
You spent 1749 gold pieces at shops.

Inventory:

Hand weapons
 a - a +1 dagger (weapon)
 m - a -3 blowgun
 n - a +0 short sword of venom
 t - a +0 shortbow
Missiles
 o - 6 curare-tipped needles
 u - 52 arrows
Armour
 b - a +1 robe
 k - a +0 cloak of invisibility
 q - a +2 hat (worn)
 r - a troll hide
 w - the +1 cloak of Xeocex (worn) {rF+ Str+6 Int-2 SInv}
   (You bought it in a shop in the Dungeon)

   It affects your strength (+6).
   It affects your intelligence (-2).
   It protects you from fire.
   It lets you see invisible.
 x - the +1 robe of Rotation (worn) {rC++ rN+ MR- rCorr}
   (You bought it in a shop in the Dungeon)

   It greatly protects you from cold.
   It protects you from negative energy.
   It affects your resistance to hostile enchantments.
   It protects you from acid and corrosion.
Jewellery
 y - a ring of protection from fire (left hand)
 B - the ring of Divine Intervention (right hand) {+Inv rN++ MR+ Slay-3}
   (You acquired it in the Dungeon)

   [ring of invisibility]

   It affects your accuracy and damage with ranged weapons and melee attacks
   (-3).
   It greatly protects you from negative energy.
   It affects your resistance to hostile enchantments.
   It lets you turn invisible.
Magical devices
 i - a wand of heal wounds (9)
 p - a wand of draining (8)
Scrolls
 d - a scroll of remove curse
 j - a scroll of blinking
 l - a scroll of identify
 s - a scroll of magic mapping
 A - a scroll of fear
Potions
 e - 3 potions of curing
 f - 3 potions of heal wounds
 g - a potion of haste
 h - 2 potions of magic
Books
 c - a book of Maledictions

   Spells                             Type                      Level
   a - Corona                         Hexes                        1
   b - Ensorcelled Hibernation        Hexes/Ice                    2
   c - Confuse                        Hexes                        3
   d - Tukima's Dance                 Hexes                        3
   e - Dazzling Spray                 Conjuration/Hexes            3
 C - a book of the Tempests

   Spells                             Type                      Level
   a - Static Discharge               Conjuration/Air              3
   b - Lightning Bolt                 Conjuration/Air              5
   c - Fireball                       Conjuration/Fire             5
   d - Tornado                        Air                          9
   e - Shatter                        Earth                        9
Comestibles
 z - a fruit


   Skills:
 * Level 13.2(12.6) Short Blades
 * Level 16.7(16.0) Dodging
 * Level 18.1(17.4) Stealth
 * Level 14.5(13.9) Spellcasting
 + Level 6.0(5.5) Conjurations
 + Level 10.8(10.3) Hexes
 + Level 7.0(6.5) Ice Magic
 + Level 7.3(6.7) Invocations
 + Level 9.3(8.8) Evocations


You had 27 spell levels left.
You knew the following spells:

 Your Spells              Type           Power        Failure   Level  Hunger
a - Corona                Hex            ######.      1%          1    None
b - Ensorcelled Hibernat  Hex/Ice        ######       1%          2    None
c - Confuse               Hex            ######..     1%          3    None
d - Tukima's Dance        Hex            ######..     1%          3    None
e - Dazzling Spray        Conj/Hex       ######..     1%          3    None


Dungeon Overview and Level Annotations

Branches:
Dungeon (1/1)

Altars:
Cheibriados
Dithmenos
Elyvilon
Fedhas
Gozag
Kikubaaqudgha
Makhleb
Nemelex Xobeh
Okawaru
Qazlal
Ru
Sif Muna
Trog
Vehumet
Xom
Yredelemnul
Zin
The Shining One
Jiyva

Shops:
D ?[(*[*[?:[%(}([[**


Innate Abilities, Weirdness & Mutations

You are tiny and cannot use many weapons and most armour.
You have supernaturally acute eyesight.
You are a herbivore.
You cover ground extremely quickly.
You need consume almost no food.


Message History

Unknown command.
Drink which item? (? for menu, Esc to quit)
You feel yourself speed up.
The shadow dragon breathes negative energy at you.
The bolt of negative energy hits you! You resist.
You are very lightly contaminated with residual magic.
You see here 27 gold pieces.
You now have 855 gold pieces (gained 27).
You see here 27 gold pieces.
You now have 882 gold pieces (gained 27).
The shadow dragon completely misses you. x3
The shadow dragon breathes negative energy at you.
The bolt of negative energy misses you.
You see here 27 gold pieces.
You now have 909 gold pieces (gained 27).
The shadow dragon completely misses you.
The shadow dragon claws you.
* * * LOW HITPOINT WARNING * * *
The shadow dragon claws you!
You die...

***,*,,≈,##+#§.§§##,,,*
*,,,*,,≈##§§§§§.§.##,,*
*+***,,≈#...§§§....#,,*
,,*,≈,,##.§§§§.§...##,*
*,*,≈,,#....§§§.....#,*
*,***,,#...§§§§.....#,*
*,*,+,,##.........^##,*
*+*,**'*#..$$$$..D.#,,*
,,*,*≈≈≈##$$$.$.@.##,,*
***,*≈≈≈≈##)[..(.##,,,*
,,,,*≈≈≈≈≈########,,,,*
,,****≈≈≈≈*≈≈≈≈≈*,,,,,*
,,*,,*'≈≈≈'≈≈,≈≈',,,,,*
,,*,,,**≈≈*≈≈≈≈≈*≈≈≈,,*
,,*,,,,******'*****≈≈≈*
,,*,,,,*≈≈≈≈≈≈≈≈≈≈**≈≈*
,,*******≈≈≈≈≈≈≈≈≈≈≈≈≈*


You could see a shadow dragon.

Vanquished Creatures
  A golden dragon (D)
  A hydra (D)
  2 centaur warriors (D)
  Sonja (D)
  A deep troll (D)
  2 unseen horrors (D)
  A lindwurm (D)
  An oklob plant (D)
  2 kobold demonologists (D)
  4 demonic crawlers (D)
  A slime creature (D)
  4 trapdoor spiders (D)
  Sigmund (D)
  13 hogs (D)
  A yak (D)
  A wasp (D)
  7 necrophages (D)
  An ogre (D)
  8 jellies (D)
  Ijyb (D)
  3 giant eyeballs (D)
  A giant spore (D)
58 creatures vanquished.

Vanquished Creatures (others)
  A gargoyle (D)
  A giant spore (D)
2 creatures vanquished.

Grand Total: 60 creatures vanquished

Notes
Turn   | Place    | Note
--------------------------------------------------------------
     0 | D        | Kidiri the Spriggan Enchanter began the quest for the Orb.
     0 | D        | Reached XP level 1. HP: 9/9 MP: 5/5
     2 | D        | Noticed Ijyb
    52 | D        | Killed Ijyb
    52 | D        | Reached skill level 5 in Dodging
    52 | D        | Reached skill level 6 in Stealth
    52 | D        | Reached XP level 2. HP: 5/13 MP: 5/8
    98 | D        | Learned a level 2 spell: Ensorcelled Hibernation
   251 | D        | Noticed an ogre
   254 | D        | Killed an ogre
   254 | D        | Reached skill level 7 in Stealth
   254 | D        | Reached skill level 5 in Spellcasting
   254 | D        | Reached skill level 5 in Hexes
   254 | D        | Reached skill level 1 in Ice Magic
   254 | D        | Reached XP level 3. HP: 16/16 MP: 9/11
   254 | D        | Reached XP level 4. HP: 21/21 MP: 9/12
   266 | D        | Learned a level 3 spell: Confuse
   270 | D        | Learned a level 3 spell: Tukima's Dance
   274 | D        | Learned a level 3 spell: Dazzling Spray
   281 | D        | Noticed Sigmund
   284 | D        | Killed Sigmund
   284 | D        | Reached skill level 8 in Dodging
   284 | D        | Reached skill level 9 in Stealth
   284 | D        | Reached skill level 1 in Conjurations
   284 | D        | Reached XP level 5. HP: 24/24 MP: 12/15
   284 | D        | Reached XP level 6. HP: 28/28 MP: 13/17
   298 | D        | Found a snail-covered altar of Cheibriados.
   298 | D        | Found a viscous altar of Jiyva.
   298 | D        | Found a shadowy altar of Dithmenos.
   298 | D        | Found a blossoming altar of Fedhas.
   298 | D        | Noticed a slime creature
   337 | D        | Killed a slime creature
   337 | D        | Reached skill level 10 in Stealth
   352 | D        | Became a worshipper of Dithmenos the Shadowed
   474 | D        | Found a deep blue altar of Sif Muna.
   475 | D        | Noticed a jelly
   476 | D        | Found a radiant altar of Vehumet.
   480 | D        | Killed a jelly
   492 | D        | Identified a -2 rod of destruction (12/12) (You found it in the Dungeon)
   518 | D        | Found Byeruth's Armour Emporium.
   518 | D        | Found a white marble altar of Elyvilon.
   518 | D        | Found a stormy altar of Qazlal.
   518 | D        | Found a burning altar of Makhleb.
   518 | D        | Found a sacrificial altar of Ru.
   518 | D        | Found a basalt altar of Yredelemnul.
   518 | D        | Found a glowing golden altar of the Shining One.
   518 | D        | Found a sparkling altar of Nemelex Xobeh.
   518 | D        | Found a shimmering altar of Xom.
   518 | D        | Found an opulent altar of Gozag.
   518 | D        | Found an ancient bone altar of Kikubaaqudgha.
   518 | D        | Found a glowing silver altar of Zin.
   518 | D        | Noticed a yak
   519 | D        | Found an iron altar of Okawaru.
   520 | D        | Killed a yak
   520 | D        | Reached skill level 10 in Dodging
   520 | D        | Reached skill level 11 in Stealth
   520 | D        | Reached skill level 1 in Invocations
   520 | D        | Reached XP level 7. HP: 32/32 MP: 20/20
   521 | D        | Found a bloodstained altar of Trog.
   526 | D        | Bought a +0 cloak of invisibility for 138 gold pieces
   538 | D        | Noticed Sonja
   544 | D        | Killed Sonja
   544 | D        | Reached skill level 12 in Stealth
   544 | D        | Reached XP level 8. HP: 36/36 MP: 16/22
   570 | D        | Found Isabetsu's Magic Scroll Boutique.
   578 | D        | Bought a scroll of identify for 22 gold pieces
   578 | D        | Bought a scroll of recharging for 104 gold pieces
   578 | D        | Bought a scroll of magic mapping for 38 gold pieces
   578 | D        | Bought a scroll of identify for 22 gold pieces
   578 | D        | Bought a scroll of remove curse for 33 gold pieces
   578 | D        | Bought a scroll of recharging for 104 gold pieces
   597 | D        | Noticed a deep troll
   601 | D        | Killed a deep troll
   601 | D        | Reached skill level 13 in Stealth
   601 | D        | Reached skill level 10 in Spellcasting
   612 | D        | Found Nuliarpho's Armour Emporium.
   619 | D        | Bought a +2 hat for 160 gold pieces
   641 | D        | Noticed a centaur warrior
   641 | D        | Noticed a centaur warrior
   644 | D        | Killed a centaur warrior
   644 | D        | Reached XP level 9. HP: 39/39 MP: 21/24
   646 | D        | Killed a centaur warrior
   646 | D        | Acquired Dithmenos's first power
   646 | D        | Reached skill level 10 in Short Blades
   646 | D        | Reached skill level 14 in Stealth
   646 | D        | Reached skill level 5 in Ice Magic
   646 | D        | Reached skill level 5 in Evocations
   703 | D        | Killed a gargoyle
   780 | D        | Noticed a wasp
   783 | D        | Killed a wasp
   798 | D        | Noticed an oklob plant
   800 | D        | Killed an oklob plant
   806 | D        | Noticed a trapdoor spider
   807 | D        | Noticed a trapdoor spider
   807 | D        | Killed a trapdoor spider
   812 | D        | Noticed a trapdoor spider
   813 | D        | Killed a trapdoor spider
   817 | D        | Noticed a trapdoor spider
   817 | D        | Killed a trapdoor spider
   817 | D        | Acquired Dithmenos's second power
   817 | D        | Reached XP level 10. HP: 44/44 MP: 26/26
   819 | D        | Killed a trapdoor spider
   819 | D        | Reached skill level 15 in Stealth
   840 | D        | Noticed an unseen horror
   840 | D        | Noticed an unseen horror
   846 | D        | Killed an unseen horror
   846 | D        | Reached skill level 5 in Invocations
   848 | D        | Killed an unseen horror
   941 | D        | Noticed a jelly
   941 | D        | Noticed a jelly
   941 | D        | Noticed a jelly
   941 | D        | Noticed a jelly
   941 | D        | Noticed a jelly
   941 | D        | Noticed a jelly
   941 | D        | Noticed a jelly
   944 | D        | Killed a jelly
   945 | D        | Killed a jelly
   945 | D        | Acquired Dithmenos's third power
   946 | D        | Killed a jelly
   947 | D        | Noticed a necrophage
   947 | D        | Noticed a necrophage
   961 | D        | Killed a jelly
   964 | D        | Killed a jelly
   967 | D        | Killed a jelly
   979 | D        | Killed a jelly
   979 | D        | Acquired Dithmenos's fourth power
  1181 | D        | Noticed a necrophage
  1181 | D        | Noticed a necrophage
  1181 | D        | Noticed a necrophage
  1181 | D        | Noticed a necrophage
  1181 | D        | Noticed a necrophage
  1183 | D        | Killed a necrophage
  1185 | D        | Killed a necrophage
  1186 | D        | Killed a necrophage
  1188 | D        | Killed a necrophage
  1189 | D        | Killed a necrophage
  1189 | D        | Reached skill level 5 in Conjurations
  1191 | D        | Killed a necrophage
  1192 | D        | Killed a necrophage
  1216 | D        | Found Xod Sume's Assorted Antiques.
  1216 | D        | Found Zarph's Weapon Shop.
  1216 | D        | Found Zojuowox's Antique Armour Boutique.
  1218 | D        | Found Nept's General Store.
  1218 | D        | Found Heukhuhu's Antique Armour Shop.
  1218 | D        | Found Fuynub's Magic Scroll Shoppe.
  1218 | D        | Found Rueneotsy's Book Boutique.
  1218 | D        | Found Winteorr's Antique Armour Emporium.
  1218 | D        | Found Qeot Noulae's Food Shop.
  1218 | D        | Found Zyukh's Antique Weapon Shoppe.
  1222 | D        | Found Fepiawon's Gadget Boutique.
  1223 | D        | Found Waemodgh's Antique Armour Emporium.
  1223 | D        | Found Pimur's Antique Weapon Boutique.
  1224 | D        | Bought a distressingly furry cloak for 304 gold pieces
  1234 | D        | Identified the +1 cloak of Xeocex {rF+ Str+6 Int-2 SInv} (You bought it in a shop in the Dungeon)
  1244 | D        | Found Ciceerar's Assorted Antiques.
  1251 | D        | Bought an opalescent robe for 102 gold pieces
  1261 | D        | Identified the +1 robe of Rotation {rC++ rN+ MR- rCorr} (You bought it in a shop in the Dungeon)
  1267 | D        | Bought a bronze ring for 150 gold pieces
  1385 | D        | Noticed a kobold demonologist
  1386 | D        | Noticed a kobold demonologist
  1387 | D        | Killed a kobold demonologist
  1387 | D        | Reached skill level 16 in Stealth
  1390 | D        | Killed a kobold demonologist
  1401 | D        | Noticed a demonic crawler
  1401 | D        | Noticed a demonic crawler
  1401 | D        | Noticed a demonic crawler
  1401 | D        | Noticed a demonic crawler
  1403 | D        | Killed a demonic crawler
  1403 | D        | Reached skill level 15 in Dodging
  1404 | D        | Killed a demonic crawler
  1406 | D        | Killed a demonic crawler
  1407 | D        | Killed a demonic crawler
  1424 | D        | Noticed a lindwurm
  1426 | D        | Killed a lindwurm
  1426 | D        | Reached skill level 10 in Hexes
  1426 | D        | Reached XP level 11. HP: 47/47 MP: 26/29
  1512 | D        | Noticed a hog
  1512 | D        | Noticed a hog
  1512 | D        | Noticed a hog
  1512 | D        | Noticed a hog
  1512 | D        | Noticed a hog
  1513 | D        | Noticed a hog
  1513 | D        | Noticed a hog
  1513 | D        | Noticed a hog
  1513 | D        | Noticed a hog
  1514 | D        | Killed a hog
  1515 | D        | Killed a hog
  1519 | D        | Noticed a hog
  1521 | D        | Killed a hog
  1523 | D        | Noticed a hog
  1523 | D        | Killed a hog
  1525 | D        | Noticed a hog
  1525 | D        | Killed a hog
  1527 | D        | Killed a hog
  1528 | D        | Killed a hog
  1529 | D        | Noticed a hog
  1530 | D        | Killed a hog
  1531 | D        | Killed a hog
  1531 | D        | Reached skill level 17 in Stealth
  1532 | D        | Killed a hog
  1534 | D        | Killed a hog
  1535 | D        | Killed a hog
  1537 | D        | Killed a hog
  1540 | D        | Noticed a 12-headed hydra
  1542 | D        | Killed a 12-headed hydra
  1715 | D        | Noticed a shadow dragon
  1717 | D        | Noticed a golden dragon
  1719 | D        | Killed a golden dragon
  1719 | D        | Reached skill level 18 in Stealth
  1964 | D        | Bought a scroll of acquirement for 572 gold pieces
  1966 | D        | Got a twitching steel ring
  1967 | D        | Identified the ring of Divine Intervention {+Inv rN++ MR+ Slay-3} (You acquired it in the Dungeon)
  2065 | D        | Found Ywiof's Assorted Antiques.
  2407 | D        | Slain by a shadow dragon

Vault maps used:
D:        dungeon_sprint_1

Action                   |  1- 3 |  4- 6 |  7- 9 | 10-12 || total
-------------------------+-------+-------+-------+-------++-------
Melee: Dagger            |    41 |    20 |    10 |    56 ||   127
 Fire: Shortbow          |       |       |       |     1 ||     1
 Cast: Corona            |     4 |       |       |       ||     4
       Ensorcelled Hiber |       |     5 |     2 |    10 ||    17
       Confuse           |       |     2 |       |     3 ||     5
       Dazzling Spray    |       |       |       |     2 ||     2
Invok: Shadow Step       |       |       |       |     2 ||     2
 Abil: Evoke Invisibilit |       |       |     2 |     6 ||     8
  Use: Potion            |     1 |       |       |     2 ||     3
       Scroll            |       |       |     6 |     3 ||     9
 Stab: Sleeping          |     2 |     3 |     6 |    40 ||    51
       Confused          |       |     3 |       |       ||     3
       Invisible         |       |       |     3 |     2 ||     5
  Eat: Bread ration      |       |       |       |     1 ||     1
